 Dungeon Crawl Stone Soup version 0.29-a0-91-gdebf4667c2 (webtiles) character file.

Game seed: 1968056810053014440

35 drugrobin the Poker (level 3, -1/29 HPs)
             Began as a Demigod Warper on Feb 7, 2022.
             Slain by a goblin (3 damage)
             ... led by Robin
             ... on level 2 of the Dungeon.
             The game lasted 00:02:11 (1605 turns).

drugrobin the Poker (Demigod Warper)                Turns: 1605, Time: 00:02:12

Health: -1/29      AC:  4    Str: 16    XL:     3   Next: 2%
Magic:  8/8        EV: 11    Int: 15    God:
Gold:   17         SH:  0    Dex: 13    Spells: 3/5 levels left

rFire   . . .      SeeInvis .   a - +0 spear
rCold   . . .      Faith    .   (no shield)
rNeg    . . .      Spirit   .   b - +0 leather armour
rPois   .          Reflect  .   e - +0 helmet
rElec   .          Harm     .   (no cloak)
rCorr   .          Rampage  .   (no gloves)
Will    .....                   (no boots)
Stlth   +.........              (no amulet)
HPRegen 0.09/turn               (no ring)
MPRegen 0.11/turn               (no ring)

@: no status effects
A: high MP 1, forlorn, divine attributes
a: no special abilities


You were on level 2 of the Dungeon.
You visited 1 branch of the dungeon, and saw 2 of its levels.

You collected 17 gold pieces.

Inventory:

Hand Weapons
 a - a +0 spear (weapon)
Missiles
 d - 5 boomerangs of dispersal (quivered)
 f - 10 bolts
 g - 14 arrows
Armour
 b - a +0 leather armour (worn)
 e - a +0 helmet (worn)
Scrolls
 h - 2 scrolls of vulnerability {unknown}
 i - a scroll of identify {unknown}
Potions
 j - a potion of mutation {unknown}
 k - a potion of berserk rage {unknown}


   Skills:
 - Level 1.7 Fighting
 + Level 3.3 Polearms
 - Level 0.8 Throwing
 - Level 0.8 Armour
 - Level 1.7 Dodging
 - Level 1.7 Spellcasting
 - Level 2.6 Translocations


You had 3 spell levels left.
You knew the following spells:

 Your Spells              Type           Power      Damage    Failure   Level
b - Blink                 Tloc           18%        N/A       14%         2

Your spell library contained the following spells:

 Spells                   Type           Power      Damage    Failure   Level
 Gell's Gravitas          Tloc           9%         N/A       28%         3
 Lesser Beckoning         Tloc           9%         N/A       28%         3
 Teleport Other           Tloc           9%         N/A       28%         3
 Manifold Assault         Tloc           9%         N/A       95%         5


Dungeon Overview and Level Annotations

Branches:
Dungeon (2/15)

Annotations:
D:2 Robin


Innate Abilities, Weirdness & Mutations

You have an increased reservoir of magic. (+10% MP)
You shall have no god before yourself.
Your divine heritage dramatically boosts your attributes as you level up.


Message History

You hit the hobgoblin but do no damage.
The hobgoblin is severely wounded.
Robin throws the goblin at you! The goblin hits you with a +0 club.
The hobgoblin hits you but does no damage.
You hit the hobgoblin.
You kill the hobgoblin!
The hobgoblin no longer looks unusually strong.
Robin throws the goblin at you! The goblin hits you but does no damage.
The goblin closely misses you.
You hit the goblin.
The goblin is moderately wounded.
The goblin barely misses you. x2
Unknown command.
You closely miss the goblin.
The goblin is moderately wounded.
The goblin closely misses you. The goblin hits you with a +0 club.
Unknown command.
You closely miss the goblin.
The goblin is moderately wounded.
The goblin barely misses you.
Unknown command.
You closely miss the goblin.
The goblin is moderately wounded.
The hobgoblin no longer looks unusually strong.
A goblin comes into view. It is wielding a +0 dagger.
The goblin hits you with a +0 club.
* * * LOW HITPOINT WARNING * * *
Robin roars a battlecry!
The hobgoblins go into a battle-frenzy!
The goblin hits you with a +0 club.
* * * LOW HITPOINT WARNING * * *
Unknown command.
Blink to where?
Press: ? - help, Dir - move target, p - hobgoblin
As you read the scroll of blinking, it crumbles to dust.
A goblin comes into view. It is wielding a +0 club.
The goblin shouts!
A goblin comes into view. It is wielding a +0 dagger.
The goblin hits you with a +0 club.
You die...

### #.. #.# #.# ......
#.# ..gg(######### #.#
g.gg.........# #.#
g............###@#
g.... .......#.g.#
.... .......#.#.#####
#'###### #g.†......#
##...g..####.###g###.#
.....g......†##...##.#
###..........#.....#.#
#..........#......g#
#........g.#.....#.#


You could see 3 goblins.

Vanquished Creatures
  An adder (D:2)
  A ball python (D:2)
  A bat (D:1)
  An endoplasm (D:1)
  A goblin (D:2)
  4 hobgoblins
  5 jackals
  3 quokkas (D:1)
  A frilled lizard (D:1)
  A kobold (D:1)
  3 rats
22 creatures vanquished.

Vanquished Creatures (others)
  A frilled lizard (D:1)
1 creature vanquished.

Grand Total: 23 creatures vanquished

Notes
Turn   | Place    | Note
-------+----------+-------------------------------------------
     0 | D:1      | drugrobin the Demigod Warper began the quest for the Orb.
     0 | D:1      | Reached XP level 1. HP: 17/17 MP: 5/5
    52 | D:1      | Reached skill level 2 in Polearms
   495 | D:1      | Reached XP level 2. HP: 8/24 MP: 7/7
   697 | D:1      | Learned a level 2 spell: Blink
  1323 | D:2      | Reached skill level 3 in Polearms
  1564 | D:2      | Noticed Robin
  1592 | D:2      | Reached XP level 3. HP: 22/29 MP: 8/8
  1605 | D:2      | Slain by a goblin

Illustrated notes

Levels and vault maps discovered:
D:1:      lightli_arrival_statue_moat, layout_loops_ring,
          hellmonk_ecumenical_altar_arch_garden, lemuel_flame_loot_1
D:2:      layout_basic, minmay_misc_feat_enclosed, minmay_joined_circles,
          uniq_crazy_yiuf_cottage, uniq_robin

Skill      XL: |  1  2 |
---------------+-------+-----
Polearms       | 2 3 |  3.3
Fighting       | |  1.7
Throwing       | |  0.8
Armour         | |  0.8
Dodging        | |  1.7
Spellcasting   | |  1.7
Translocations | |  2.6

Action                   || total
-------------------------++-------
Melee: Spear             ||   113
  Use: Scroll            ||     1
Armor: Leather armour    ||    34
Dodge: Dodged            ||    69

Table legend: (Time is in decaauts)
 A = Elapsed time spent in this place.
 B = Non-inter-level travel time spent in this place.
 C = Inter-level travel time spent in this place.
 D = Time resting spent in this place.
 E = Time spent auto-exploring this place.
 F = Levels seen in this place.
 G = Mean time per level.
                   A        B        C        D        E       F      G
               +--------+--------+--------+--------+--------+-----+--------+
         Total |   1602 |   1521 |     81 |    331 |    918 |   2 |  801.0 |
       Dungeon |   1602 |   1521 |     81 |    331 |    918 |   2 |  801.0 |
               +--------+--------+--------+--------+--------+-----+--------+

Top non-repeatable levels by time:
     D:1: 1244 daAuts
     D:2: 358 daAuts
